 Dungeon Crawl Stone Soup version 0.26-a0-778-g3fe0686644 (webtiles) character file.

Game seed: 1145897973188796783

429 robertstho the Chiller (level 6, 0/44 HPs)
             Began as a Gnoll Ice Elementalist on Nov 10, 2020.
             Slain by Grinder (9 damage)
             ... on level 3 of the Dungeon.
             The game lasted 00:04:24 (3105 turns).

robertstho the Chiller (Gnoll Ice Elementalist)     Turns: 3105, Time: 00:04:24

Health: 0/44       AC:  2    Str: 11    XL:     6   Next: 98%
Magic:  13/14      EV: 15    Int: 19    God:
Gold:   109        SH:  0    Dex: 15    Spells: 4/15 levels left

rFire    + . .     SeeInvis .   c - +0 hand axe
rCold    x . .     Faith    .   (no shield)
rNeg     + . .     Spirit   .   a - +0 robe
rPois    .         Reflect  .   (no helmet)
rElec    .         Harm     .   (no cloak)
rCorr    .         Rampage  .   (no gloves)
MR       .....                  (no boots)
Stlth    +++.......             i - amulet of magic regeneration
HPRegen  0.14/turn              e - ring of positive energy
MPRegen  0.39/turn              g - ring of fire

@: frozen ramparts
A: distributed training, fangs 1, strong nose
a: no special abilities


You were on level 3 of the Dungeon.
You visited 1 branch of the dungeon, and saw 3 of its levels.

You collected 109 gold pieces.

Inventory:

Hand Weapons
 c - a +0 hand axe (weapon)
Armour
 a - a +0 robe (worn)
Jewellery
 e - a ring of positive energy (left hand)
 g - a ring of fire (right hand)
 i - an amulet of magic regeneration (around neck)
Scrolls
 b - 2 scrolls of remove curse {unknown}
Potions
 d - a potion of curing
 f - 2 potions of flight
 h - a potion of resistance {unknown}
 j - a potion of attraction


   Skills:
 + Level 2.2 Fighting
 + Level 2.2 Short Blades
 + Level 2.2 Long Blades
 + Level 2.2 Axes
 + Level 2.2 Maces & Flails
 + Level 2.2 Polearms
 + Level 2.2 Staves
 + Level 2.2 Slings
 + Level 2.2 Bows
 + Level 2.2 Crossbows
 + Level 2.2 Throwing
 + Level 2.2 Armour
 + Level 5.1 Dodging
 + Level 4.7 Stealth
 + Level 2.2 Shields
 + Level 2.2 Unarmed Combat
 + Level 5.4 Spellcasting
 + Level 1.7 Conjurations
 + Level 1.7 Hexes
 + Level 1.7 Summonings
 + Level 1.7 Necromancy
 + Level 1.7 Translocations
 + Level 1.7 Transmutations
 + Level 1.7 Fire Magic
 + Level 7.3 Ice Magic
 + Level 1.7 Air Magic
 + Level 1.7 Earth Magic
 + Level 1.7 Poison Magic
 + Level 2.4 Invocations
 + Level 2.2 Evocations


You had 4 spell levels left.
You knew the following spells:

 Your Spells              Type           Power        Failure   Level
a - Freeze                Ice            ####         1%          1
b - Frozen Ramparts       Ice            ####..       1%          3
c - Ozocubu's Armour      Ice            ####....     1%          3
d - Hailstorm             Conj/Ice       ###.....     19%         4

Your spell library contained the following spells:

 Spells                   Type           Power        Failure   Level
 Summon Ice Beast         Ice/Summ       ###.....     19%         4


Dungeon Overview and Level Annotations

Branches:
Dungeon (3/15)

Altars:
Elyvilon

Annotations:
D:3 Grinder


Innate Abilities, Weirdness & Mutations

Your experience applies equally to all skills.
You have very sharp teeth.
Your uncanny sense of smell can sniff out nearby items.


Message History

Evoke which item? (* to show all) (? for menu, Esc to quit)
Aiming: Throw Flame
Press: ? - help, Shift-Dir - straight line, f/p - Grinder
Aim: Grinder (heavily wounded)
The puff of flame hits Grinder!
Grinder is almost dead.
Grinder resists.
The wall freezes Grinder.
Grinder hits you.
You writhe in agony.
Evoke which item? (* to show all) (? for menu, Esc to quit)
Aiming: Throw Flame
Press: ? - help, Shift-Dir - straight line, f/p - Grinder
Aim: Grinder (almost dead)
The puff of flame misses Grinder.
The now-empty wand crumbles to dust.
Grinder resists.
The wall freezes Grinder.
Grinder completely misses you.
Unknown command.
You aren't carrying any items that you can evoke.
Grinder resists.
The wall freezes Grinder.
Grinder hits you!
* * * LOW HITPOINT WARNING * * *
Grinder resists.
The wall freezes Grinder.
Grinder hits you!
You die...

.......#...###...###...#....#
####...########.##.#####....#
#....>...# #.#...# ######
#...########.##.. #...#
#...#.. #...# #.P.#.#
####)).# #...#.### .....)##
##5##...# .).#..# #.@..#.#
.#....#### ###### #
.........########
.....###........## ..#..#
#######...# ......# #...#
###.#.# #...# #.#.# ##.##
..... #.#


You could see Grinder.

Vanquished Creatures
  Sigmund (D:2)
  Ijyb (D:3)
  Terence (D:3)
  A worker ant (D:2)
  10 gnolls
  4 adders (D:2)
  3 dart slugs
  A leopard gecko (D:2)
  6 orcs (D:3)
  A ball python (D:2)
  2 giant cockroaches
  9 goblins
  6 hobgoblins
  4 jackals (D:2)
  A quokka (D:2)
  8 bats
  A frilled lizard (D:2)
  A jackal skeleton (D:2)
  4 kobolds
  6 rats
71 creatures vanquished.

Vanquished Creatures (others)
  A fungus (D:3)
1 creature vanquished.

Grand Total: 72 creatures vanquished

Notes
Turn   | Place    | Note
-------+----------+-------------------------------------------
     0 | D:1      | robertstho the Gnoll Ice Elementalist began the quest for
                  | the Orb.
     0 | D:1      | Reached XP level 1. HP: 13/13 MP: 6/6
   211 | D:1      | Reached XP level 2. HP: 19/19 MP: 7/7
   974 | D:2      | Reached XP level 3. HP: 22/25 MP: 5/9
   977 | D:2      | Reached skill level 5 in Spellcasting
  1175 | D:1      | Learned a level 3 spell: Frozen Ramparts
  1179 | D:1      | Learned a level 3 spell: Ozocubu's Armour
  1310 | D:2      | Noticed Sigmund
  1320 | D:2      | Killed Sigmund
  1320 | D:2      | Reached skill level 1 in Fighting
  1320 | D:2      | Reached skill level 1 in Short Blades
  1320 | D:2      | Reached skill level 1 in Long Blades
  1320 | D:2      | Reached skill level 1 in Axes
  1320 | D:2      | Reached skill level 1 in Maces & Flails
  1320 | D:2      | Reached skill level 1 in Polearms
  1320 | D:2      | Reached skill level 1 in Staves
  1320 | D:2      | Reached skill level 1 in Slings
  1320 | D:2      | Reached skill level 1 in Bows
  1320 | D:2      | Reached skill level 1 in Crossbows
  1320 | D:2      | Reached skill level 1 in Throwing
  1320 | D:2      | Reached skill level 1 in Armour
  1320 | D:2      | Reached skill level 1 in Shields
  1320 | D:2      | Reached skill level 1 in Unarmed Combat
  1320 | D:2      | Reached skill level 1 in Conjurations
  1320 | D:2      | Reached skill level 1 in Hexes
  1320 | D:2      | Reached skill level 1 in Summonings
  1320 | D:2      | Reached skill level 1 in Necromancy
  1320 | D:2      | Reached skill level 1 in Translocations
  1320 | D:2      | Reached skill level 1 in Transmutations
  1320 | D:2      | Reached skill level 1 in Fire Magic
  1320 | D:2      | Reached skill level 1 in Air Magic
  1320 | D:2      | Reached skill level 1 in Earth Magic
  1320 | D:2      | Reached skill level 1 in Poison Magic
  1320 | D:2      | Reached skill level 1 in Invocations
  1320 | D:2      | Reached skill level 1 in Evocations
  1320 | D:2      | Reached XP level 4. HP: 22/32 MP: 1/11
  1320 | D:2      | Reached XP level 5. HP: 25/37 MP: 1/12
  1749 | D:2      | Reached XP level 6. HP: 36/44 MP: 9/13
  1920 | D:2      | Reached skill level 5 in Dodging
  2225 | D:3      | Noticed Terence
  2234 | D:3      | Killed Terence
  2514 | D:3      | Noticed Ijyb
  2527 | D:3      | Killed Ijyb
  3045 | D:3      | Found a white marble altar of Elyvilon.
  3078 | D:3      | Noticed Grinder
  3092 | D:3      | Learned a level 4 spell: Hailstorm
  3092 | D:3      | Paralysed by Grinder for 6 turns
  3105 | D:3      | Slain by Grinder

Illustrated notes

Levels and vault maps discovered:
D:1:      dpeg_arrival_water_temple_mockup, layout_basic,
          minmay_misc_feat_square
D:2:      layout_loops_ring, uniq_sigmund
D:3:      layout_loops_cross, elyvilon_altar_1, uniq_grinder, uniq_terence,
          uniq_ijyb

Skill      XL: |  1  2  3  4  5  6 |
---------------+-------------------+-----
Spellcasting   | 5 |  5.4
Fighting       | 1 2 |  2.2
Short Blades   | 1 2 |  2.2
Long Blades    | 1 2 |  2.2
Axes           | 1 2 |  2.2
Maces & Flails | 1 2 |  2.2
Polearms       | 1 2 |  2.2
Staves         | 1 2 |  2.2
Slings         | 1 2 |  2.2
Bows           | 1 2 |  2.2
Crossbows      | 1 2 |  2.2
Throwing       | 1 2 |  2.2
Armour         | 1 2 |  2.2
Shields        | 1 2 |  2.2
Unarmed Combat | 1 2 |  2.2
Conjurations   | 1 |  1.7
Hexes          | 1 |  1.7
Summonings     | 1 |  1.7
Necromancy     | 1 |  1.7
Translocations | 1 |  1.7
Transmutations | 1 |  1.7
Fire Magic     | 1 |  1.7
Air Magic      | 1 |  1.7
Earth Magic    | 1 |  1.7
Poison Magic   | 1 |  1.7
Invocations    | 1 2 |  2.4
Evocations     | 1 2 |  2.2
Dodging        | 5 |  5.1
Stealth        | |  4.7
Ice Magic      | |  7.3

Action                   |  1- 3 |  4- 6 || total
-------------------------+-------+-------++-------
Melee: Hand axe          |    44 |    58 ||   102
       Bite              |       |     4 ||     4
       Punch             |       |     1 ||     1
 Cast: Freeze            |    10 |     6 ||    16
       Frozen Ramparts   |     1 |    24 ||    25
       Ozocubu's Armour  |     1 |       ||     1
Evoke: Wand              |       |     5 ||     5
  Use: Scroll            |     1 |     2 ||     3
       Potion            |     1 |       ||     1
 Stab: Sleeping          |     5 |     2 ||     7
Armor: Robe              |     7 |     9 ||    16
Dodge: Dodged            |    58 |    69 ||   127

Table legend: (Time is in decaauts)
 A = Elapsed time spent in this place.
 B = Non-inter-level travel time spent in this place.
 C = Inter-level travel time spent in this place.
 D = Time resting spent in this place.
 E = Time spent auto-exploring this place.
 F = Levels seen in this place.
 G = Mean time per level.
                   A        B        C        D        E       F      G
               +--------+--------+--------+--------+--------+-----+--------+
         Total |   3128 |   3076 |     52 |    111 |   2422 |   3 | 1042.7 |
       Dungeon |   3128 |   3076 |     52 |    111 |   2422 |   3 | 1042.7 |
               +--------+--------+--------+--------+--------+-----+--------+

Top non-repeatable levels by time:
     D:1: 1106 daAuts
     D:2: 1091 daAuts
     D:3: 930 daAuts
